 Dungeon Crawl Stone Soup version 0.27.1-15-g792fb953b9 (webtiles) character file.

Game seed: 6674972423704819861

154 pkoi the Insei (level 5, -6/45 HPs)
             Began as a Draconian Monk on Nov 18, 2021.
             Was a Believer of Makhleb.
             Mangled by a gnoll (7 damage)
             ... on level 3 of the Dungeon.
             The game lasted 00:04:08 (3959 turns).

pkoi the Insei (Draconian Monk)                     Turns: 3959, Time: 00:04:08

Health: -6/45      AC:  5    Str: 14    XL:     5   Next: 13%
Magic:  7/7        EV: 12    Int: 10    God:    Makhleb [**....]
Gold:   276        SH:  0    Dex: 14    Spells: 4/4 levels left

rFire    . . .     SeeInvis .     - Unarmed
rCold    . . .     Faith    .   (no shield)
rNeg     . . .     Spirit   .   (armour unavailable)
rPois    .         Reflect  .   l - +0 hat
rElec    .         Harm     .   (no cloak)
rCorr    .         Rampage  .   (no gloves)
Will     .....                  (no boots)
Stlth    ++........             (no amulet)
HPRegen  0.15/turn              c - ring of flight
MPRegen  0.10/turn              (no ring)

@: flying
A: AC +5, unfitting armour, cold-blooded
a: Renounce Religion, Minor Destruction


You were on level 3 of the Dungeon.
You worshipped Makhleb.
Makhleb was pleased with you.
You visited 2 branches of the dungeon, and saw 5 of its levels.

You collected 276 gold pieces.

Inventory:

Missiles
 i - 10 poisoned darts (quivered)
Armour
 l - a +0 hat (worn)
 n - a +0 cloak
Jewellery
 c - a ring of flight (left hand)
Wands
 j - a wand of digging (4)
Scrolls
 e - 7 scrolls of identify {unknown}
 g - 2 scrolls of immolation {unknown}
 m - a scroll of amnesia {unknown}
Potions
 a - a potion of heal wounds {unknown}
 b - a potion of attraction {unknown}
 d - a potion of degeneration {unknown}
 f - a potion of haste {unknown}
 h - 3 potions of curing
 k - a potion of magic {unknown}


   Skills:
 - Level 3.2 Fighting
 - Level 2.6 Dodging
 - Level 1.7 Stealth
 + Level 5.0 Unarmed Combat
 + Level 3.0 Invocations


You had 4 spell levels left.
You didn't know any spells.
Your spell library contained the following spells:

 Spells                   Type           Power      Damage    Failure   Level
 Foxfire                  Conj/Fire      0%         2x1d4     36%         1
 Pain                     Necr           0%         1d4       36%         1
 Conjure Flame            Conj/Fire      0%         6-21      75%         3
 Inner Flame              Hex/Fire       0%         N/A       75%         3
 Agony                    Necr           0%         N/A       100%        5
 Excruciating Wounds      Necr           0%         N/A       100%        5


Dungeon Overview and Level Annotations

Branches:
Dungeon (4/15)             Temple (1/1) D:4

Altars:
Ashenzari
Cheibriados
Dithmenos
Elyvilon
Fedhas
Kikubaaqudgha
Makhleb
Okawaru
Qazlal
Ru
Sif Muna
Vehumet
Wu Jian
Xom
Yredelemnul
Zin
The Shining One

Shops:
D:2 (

Annotations:
D:1 Terence


Innate Abilities, Weirdness & Mutations

Your plain brown scales are hard. (AC +5)
You cannot fit into any form of body armour.
You are cold-blooded and may be slowed by cold attacks.


Message History

No target in view!
No target in view!
No target in view!
You start resting.
HP restored.
h - 3 potions of curing (gained 2)
You see here 18 stones.
There is a stone staircase leading down here.
You fly downwards.
There is a stone staircase leading up here.
Unknown command.
The gnoll hits you with a +0 halberd!
There is a stone staircase leading up, spattered with blood here.
The gnoll hits you with a +0 halberd!
You fly upwards.
There is a stone staircase leading down here.
You hit the gnoll.
The gnoll is heavily wounded.
The gnoll hits you with a +0 halberd!
* * * LOW HITPOINT WARNING * * *
You hit the gnoll but do no damage.
The gnoll is heavily wounded.
The gnoll hits you with a +0 halberd.
* * * LOW HITPOINT WARNING * * *
You closely miss the gnoll.
The gnoll is heavily wounded.
The gnoll closely misses you.
You hit the gnoll but do no damage.
The gnoll is heavily wounded.
The gnoll hits you with a +0 halberd!
* * * LOW HITPOINT WARNING * * *
You hit the gnoll.
The gnoll is severely wounded.
You hit the gnoll but do no damage.
The gnoll is severely wounded.
The gnoll barely misses you.
You hit the gnoll.
The gnoll is severely wounded.
The gnoll hits you with a +0 halberd!
You die...

..########..## #......####.##...
............## #...........#####
...########..## ########...#####
..## ######..## ####....÷...# ..#
###.....#..## ##....#......## ..#
#_#.....##..# #..####........ ..#
#^#.....###.# #.## #......#.
#.###.#.......#.###.#####......##
#.##............@............###
#.##........###g##..........#####
#.##...(....###......(....#....†.
..#.........##...#..#####..######
.......######..###....####..#####
........# ##..## #.##...##.......
........###..## #.####.........#
........)....#####.# ####......#
[......#...........#######......#


You could see a gnoll.

Vanquished Creatures
  A water moccasin skeleton (D:4)
  2 adders
  A gnoll (D:4)
  An ufetubus (D:4)
  4 dart slugs
  6 orcs
  6 ball pythons
  4 bats
  3 endoplasms
  8 hobgoblins
  2 jackals (D:2)
  4 quokkas
  2 frilled lizards
  4 goblins
  A kobold (D:2)
  5 rats
54 creatures vanquished.

Notes
Turn   | Place    | Note
-------+----------+-------------------------------------------
     0 | D:1      | pkoi the Draconian Monk began the quest for the Orb.
     0 | D:1      | Reached XP level 1. HP: 19/19 MP: 1/1
    80 | D:1      | Reached XP level 2. HP: 25/26 MP: 2/2
   913 | D:2      | Reached skill level 4 in Unarmed Combat
   914 | D:2      | Found a burning altar of Makhleb.
   944 | D:2      | Became a worshipper of Makhleb the Destroyer
   944 | D:2      | Reached * piety under Makhleb
   944 | D:2      | Reached ** piety under Makhleb
  1011 | D:2      | Reached XP level 3. HP: 30/31 MP: 3/3
  1101 | D:2      | Noticed Terence
  1144 | D:2      | HP: 1/31 [Terence (3)]
  1481 | D:2      | Found Ronad's Antique Weapon Boutique.
  2031 | D:2      | Reached skill level 1 in Invocations
  2767 | D:3      | Reached XP level 4. HP: 30/38 MP: 5/5
  3019 | D:3      | Found a faded altar of an unknown god.
  3201 | D:4      | Found a staircase to the Ecumenical Temple.
  3261 | Temple   | Entered the Ecumenical Temple
  3668 | D:4      | Reached skill level 5 in Unarmed Combat
  3668 | D:4      | Reached XP level 5. HP: 23/45 MP: 5/7
  3956 | D:3      | HP: 1/45 [gnoll (12)]
  3959 | D:3      | Mangled by a gnoll

Illustrated notes

Levels and vault maps discovered:
D:1:      nicolae_arrival_memento_mori, layout_basic, minmay_tree_intersection,
          chequers_mini_garden, minmay_misc_feat_diagonals, chequers_big_river
D:2:      layout_loops_ring, serial_shops, nicolae_shop_stone, basic_altar,
          kennysheep_generic_room_5, uniq_terence
D:3:      layout_rooms, hellmonk_ecumenical_altar_leap_of_faith
D:4:      layout_loops_ring, minmay_temple_entry_butterflies
Temple:   regret_index_temple_sphere_string

Skill      XL: |  1  2  3  4  5 |
---------------+----------------+-----
Unarmed Combat | 4 5 |  5.0
Invocations    | 1 2 3 |  3.0
Fighting       | |  3.2
Dodging        | |  2.6
Stealth        | |  1.7

Action                   |  1- 3 |  4- 6 || total
-------------------------+-------+-------++-------
Melee: Unarmed           |   142 |    70 ||   212
       Tailslap          |    20 |    14 ||    34
       Punch             |     4 |       ||     4
  Use: Potion            |     2 |       ||     2
 Stab: Sleeping          |     9 |     1 ||    10
Armor: Skin              |    42 |    15 ||    57
Dodge: Dodged            |   127 |    38 ||   165
